 Dungeon Crawl Stone Soup version 0.17.2-1-ge4368a0 (webtiles) character file.

203 magog001 the Covert (level 5, -1/38 HPs)
             Began as a Vampire Assassin on Nov 3, 2016.
             Slain by a worker ant (7 damage)
             ... on level 4 of the Dungeon on Nov 4, 2016.
             The game lasted 00:25:55 (3748 turns).

magog001 the Covert (Vampire Assassin)              Turns: 3748, Time: 00:25:55

Health: -1/38      AC:  3    Str: 11    XL:     5   Next: 51%
Magic:  5/5        EV: 12    Int: 14    God:
Gold:   177        SH:  3    Dex: 15    Spells: 0 memorised, 4 levels left

rFire  . . .     SeeInvis +     z - +2 trident (freeze)
rCold  . . .     Clarity  .     c - +0 robe
rNeg   + . .     SustAt   .     B - +0 buckler
rPois  .         Gourm    .     (no helmet)
rElec  .         Spirit   .     d - +0 cloak
rCorr  .         Warding  .     (no gloves)
rMut   .         Stasis   .     (no boots)
MR     .....                    (no amulet)
Stlth  ++++......               (no ring)
                                (no ring)

@: lethally poisoned (-1 -> -7), not resistant to hostile enchantments, stealthy
A: fangs 3, see invisible, unbreathing
a: Bat Form


You were on level 4 of the Dungeon.
You were not thirsty.

You visited 1 branch of the dungeon, and saw 4 of its levels.

You collected 177 gold pieces.

Inventory:

Hand Weapons
 a - a +2 dagger
 b - a +1 blowgun
 l - a +2 whip of flaming
 m - a +1 dagger of speed
 n - a +2 dagger of freezing
 z - a +2 trident of freezing (weapon)
Missiles
 e - 3 javelins (quivered)
 f - 3 poisoned needles
 p - 2 needles of confusion
 y - a curare-tipped needle
Armour
 c - a +0 robe (worn)
 d - a +0 cloak (worn)
 B - a +0 buckler (worn)
Scrolls
 i - 3 scrolls of identify
 u - a scroll of enchant armour {unknown}
 x - 2 scrolls of remove curse
Potions
 g - 10 potions of blood
 h - a potion of magic {unknown}
 k - a potion of cure mutation {unknown}
 q - a potion of poison {unknown}
 s - a potion of degeneration {unknown}
 t - a potion of heal wounds {unknown}
 v - 3 potions of curing


   Skills:
 + Level 1.8 Fighting
 + Level 2.5 Short Blades
 * Level 3.1 Throwing
 * Level 2.5 Dodging
 * Level 8.1 Stealth


You had 4 spell levels left.
You didn't know any spells.

Dungeon Overview and Level Annotations

Branches:
Dungeon (4/15)
 Temple: D:4-7

Altars:
Gozag
Okawaru
Ru
Zin
The Shining One

Shops:
D:3 *

Annotations:
D:3 Goblin1989's ghost, amateur DsWn


Innate Abilities, Weirdness & Mutations

You have razor-sharp teeth.
You have supernaturally acute eyesight.
You can survive without breathing.


Message History

You barely miss the worker ant.
The worker ant is lightly wounded.
You feel sick. The worker ant bites you.
You hit the worker ant. You freeze the worker ant.
The worker ant is heavily wounded.
The worker ant bites you.
You are more poisoned.
The worker ant poisons you! The worker ant bites you.
You closely miss the worker ant.
The worker ant is heavily wounded.
You feel sick. The worker ant closely misses you.
You closely miss the worker ant.
The worker ant is heavily wounded.
You feel sick. The worker ant bites you! The worker ant bites you.
* * * LOW HITPOINT WARNING * * *
You hit the worker ant. You freeze the worker ant.
The worker ant is almost dead.
* * * LOW HITPOINT WARNING * * *
You feel sick. The worker ant bites you!
You die...

#### # ..# # #. #a# #.##.#
##@# ##......### ##.#.# .
........# ##.###.> .#
......#.# ##.##
#.#.###........ #.##
##......##.##.# ##.##
##.#.# #.##.#
.......#.###....# #.##.#
#######.#.#....####.##.##.#
####.##.......##.....


You could see a worker ant.

Vanquished Creatures
  A giant frog zombie (D:3)
  Terence (D:3)
  6 adders
  An ooze (D:1)
  5 worms (D:2)
  2 giant geckos
  3 orcs (D:3)
  9 bats
  2 giant cockroaches (D:1)
  4 goblins
  11 hobgoblins
  2 jackals (D:3)
  11 kobolds
  A ball python (D:2)
  2 giant newts
  A quokka (D:3)
  9 rats
  4 plants (D:1)
75 creatures vanquished.

Notes
Turn   | Place    | Note
--------------------------------------------------------------
     0 | D:1      | magog001 the Vampire Assassin began the quest for the Orb.
     0 | D:1      | Reached XP level 1. HP: 16/16 MP: 1/1
   109 | D:1      | Reached skill level 6 in Stealth
   179 | D:1      | Reached XP level 2. HP: 22/22 MP: 2/2
   844 | D:1      | Reached XP level 3. HP: 27/27 MP: 3/3
  1613 | D:2      | Found a glowing golden altar of the Shining One.
  2115 | D:2      | Reached XP level 4. HP: 33/33 MP: 4/4
  2131 | D:2      | Found an iron altar of Okawaru.
  2169 | D:2      | Reached skill level 7 in Stealth
  2620 | D:3      | Found a sacrificial altar of Ru.
  2850 | D:3      | Found an opulent altar of Gozag.
  2900 | D:3      | Noticed Terence
  2910 | D:3      | Killed Terence
  2913 | D:3      | Reached XP level 5. HP: 38/38 MP: 5/5
  2914 | D:3      | Noticed Goblin1989's ghost (amateur DsWn)
  3370 | D:3      | Found Zin's Purification Station.
  3371 | D:3      | Found a glowing silver altar of Zin.
  3409 | D:3      | Reached skill level 8 in Stealth
  3748 | D:4      | Slain by a worker ant

Action                   |  1- 3 |  4- 6 || total
-------------------------+-------+-------++-------
Melee: Dagger            |   301 |    65 ||   366
       Trident           |       |    21 ||    21
 Fire: Blowgun           |    95 |    16 ||   111
  Use: Potion            |     6 |     6 ||    12
       Scroll            |       |     4 ||     4
 Stab: Sleeping          |    22 |    10 ||    32
       Distracted        |     1 |       ||     1
       Confused          |       |     1 ||     1
